 Dungeon Crawl Stone Soup version 0.29-a0-995-g8a7feb118f (webtiles) character file.

Game seed: 15312920206442393038

3168 KyoPewz the Zephyrmancer (level 9, -1/47 HPs)
             Began as a Deep Elf Air Elementalist on Aug 4, 2022.
             Was an Initiate of Vehumet.
             Slain by an eight-headed hydra (2 damage)
             ... on level 7 of the Dungeon.
             The game lasted 00:31:37 (8717 turns).

KyoPewz the Zephyrmancer (DEAE)                     Turns: 8717, Time: 00:31:38

Health: -1/47      AC: 12    Str:  5    XL:     9   Next: 63%
Magic:  13/17      EV: 11    Int: 25    God:    Vehumet [......]
Gold:   419        SH:  0    Dex: 15    Spells: 4/17 levels left

rFire   . . .      SeeInvis .   j - +3 short sword (venom)
rCold   + . .      Faith    .   (no shield)
rNeg    . . .      Spirit   .   l - +2 leather armour {rC+}
rPois   +          Reflect  .   w - +1 helmet
rElec   .          Harm     .   B - +0 cloak
rCorr   .          Rampage  .   (no gloves)
Will    .....                   (no boots)
Stlth   ++........              (no amulet)
HPRegen 0.15/turn               n - +4 ring of protection
MPRegen 0.15/turn               r - ring of poison resistance

@: no status effects
A: no striking features
a: Renounce Religion


You were on level 7 of the Dungeon.
You worshipped Vehumet.
Vehumet was noncommittal.
You visited 2 branches of the dungeon, and saw 8 of its levels.

You collected 419 gold pieces.

Inventory:

Hand Weapons
 j - a +3 short sword of venom (weapon)
 p - a +2 dagger of venom
 E - a +6 war axe of venom
Armour
 a - a +0 robe
 l - a +2 leather armour of cold resistance (worn)
 w - a +1 helmet (worn)
 y - an orb of guile
 B - a +0 cloak (worn)
Magical Staves
 v - a staff of fire
Jewellery
 n - a +4 ring of protection (left hand)
 r - a ring of poison resistance (right hand)
 s - a ring of see invisible
 F - a +6 ring of intelligence
Wands
 d - a wand of charming (8)
 e - a wand of polymorph (15)
Scrolls
 u - a scroll of identify
 x - a scroll of enchant weapon
 C - a scroll of teleportation {unknown}
 D - a scroll of amnesia {unknown}
Potions
 b - a potion of magic
 c - 2 potions of berserk rage
 f - a potion of invisibility
 g - 2 potions of mutation {unknown}
 h - 7 potions of curing
 i - 3 potions of lignification
 k - a potion of attraction {unknown}
 m - a potion of resistance {unknown}
 o - 2 potions of heal wounds
 q - a potion of degeneration {unknown}
 t - 2 potions of haste
 z - a potion of ambrosia {unknown}
 A - a potion of might {unknown}


   Skills:
 + Level 1.0 Fighting
 - Level 2.4 Dodging
 - Level 2.4 Stealth
 + Level 4.5 Spellcasting
 - Level 4.0 Conjurations
 - Level 5.0 Hexes
 * Level 12.3 Air Magic


You had 4 spell levels left.
You knew the following spells:

 Your Spells              Type           Power      Damage    Failure   Level
a - Shock                 Conj/Air       100%       1d9       1%          1
b - Static Discharge      Conj/Air       46%        3-9/arc   1%          2
c - Swiftness             Air            61%        N/A       1%          3
d - Airstrike             Air            30%        2d(5-21)  1%          4
e - Tukima's Dance        Hex            30%        N/A       5%          3

Your spell library contained the following spells:

 Spells                   Type           Power      Damage    Failure   Level
 Necrotise                Necr           20%        1d5       14%         1
 Summon Small Mammal      Summ           20%        N/A       14%         1
 Portal Projectile        Hex/Tloc       36%        N/A       16%         3
 Summon Guardian Golem    Hex/Summ       18%        N/A       16%         3
 Call Canine Familiar     Summ           5%         N/A       41%         3
 Vampiric Draining        Necr           5%         2d6       41%         3
 Agony                    Necr           5%         N/A       99%         5
 Blade Hands              Tmut           2%         N/A       99%         5


Dungeon Overview and Level Annotations

Branches:
Dungeon (7/15)             Temple (1/1) D:7

Altars:
Cheibriados
Dithmenos
Fedhas
Gozag
Kikubaaqudgha
Makhleb
Nemelex Xobeh
Okawaru
Qazlal
Ru
Sif Muna
Trog
Uskayaw
Vehumet
Wu Jian
Xom
Yredelemnul
Zin
The Shining One

Annotations:
D:6 2 transporters, paps's ghost, novice TrBe
D:7 exclusion: hydra


Message History

Casting: Airstrike (dangerous; 1% risk of failure)
Confirm with . or Enter, or press ? or * to list all spells.
Aiming: Airstrike (dangerous; 1% risk of failure)
Press: ? - help, Dir - move target, f/p - eight-headed hydra
Aim: an eight-headed hydra (heavily wounded, empty space bonus: 8/8)
The air twists around and strikes the eight-headed hydra!
The eight-headed hydra is heavily wounded.
Casting: Airstrike (dangerous; 1% risk of failure)
Confirm with . or Enter, or press ? or * to list all spells.
Aiming: Airstrike (dangerous; 1% risk of failure)
Press: ? - help, Dir - move target, f/p - eight-headed hydra
Aim: an eight-headed hydra (heavily wounded, empty space bonus: 8/8)
The air twists around and strikes the eight-headed hydra!
The eight-headed hydra is severely wounded.
Casting: Airstrike (dangerous; 1% risk of failure)
Confirm with . or Enter, or press ? or * to list all spells.
You don't have enough magic to cast this spell.
Press: ? - help, v - describe, . - travel
Here: an eight-headed hydra (severely wounded)
The floor.
Magic courses through your body. The eight-headed hydra misses you. x2
The eight-headed hydra bites you.
The eight-headed hydra bites you but does no damage.
The eight-headed hydra closely misses you.
The eight-headed hydra bites you! x3
* * * LOW HITPOINT WARNING * * *
Casting: Airstrike (dangerous; 1% risk of failure)
Confirm with . or Enter, or press ? or * to list all spells.
Aiming: Airstrike (dangerous; 1% risk of failure)
Press: ? - help, Dir - move target, f/p - eight-headed hydra
Aim: an eight-headed hydra (severely wounded, empty space bonus: 7/8)
The air twists around and strikes the eight-headed hydra!!
The eight-headed hydra is almost dead.
The eight-headed hydra barely misses you.
The eight-headed hydra bites you but does no damage. x2
The eight-headed hydra bites you!
* * * LOW HITPOINT WARNING * * *
The eight-headed hydra barely misses you.
The eight-headed hydra bites you.
You die...

##################
#..............$..
#............D....
#......F..........
####'#####+###########
#.....................
#...D@[...............
########..[...†.............>
#......).....................
#......[.....................
#.......########.............
#.......#......#############'
#.......#.......#............
#.....).#.......#............
#.......#.###'###..........>.


You could see an eight-headed hydra.

Vanquished Creatures
  Pikel (D:6)
  4 vampire mosquitoes (D:7)
  Edmund (D:6)
  A water moccasin (D:7)
  A sky beast (D:6)
  2 ice beasts
  An ogre (D:4)
  3 lemures
  A phantom (D:6)
  2 kobold brigands
  A bullfrog (D:7)
  2 necrophages
  2 scorpions
  7 wights
  3 killer bees (D:4)
  A howler monkey (D:7)
  An electric eel (D:7)
  A hound (D:5)
  2 jellies
  2 orc priests
  Crazy Yiuf (D:6)
  4 iguanas
  Ijyb (D:4)
  3 orc wizards
  5 adders
  3 shadow imps
  4 worms
  3 dart slugs
  25 orcs
  3 ball pythons
  5 endoplasms
  6 giant cockroaches
  5 goblins
  11 hobgoblins
  A jackal (D:2)
  7 kobolds
  2 quokkas
  6 bats
  A frilled lizard (D:2)
  6 rats
141 creatures vanquished.

Vanquished Creatures (others)
  3 plants (D:5)
3 creatures vanquished.

Grand Total: 144 creatures vanquished

Notes
Turn   | Place    | Note
-------+----------+-------------------------------------------
     0 | D:1      | KyoPewz the Deep Elf Air Elementalist began the quest for
                  | the Orb.
     0 | D:1      | Reached XP level 1. HP: 10/10 MP: 6/6
   373 | D:1      | Reached XP level 2. HP: 15/15 MP: 5/8
   442 | D:1      | Found a faded altar of an unknown god.
   781 | D:2      | Reached XP level 3. HP: 17/19 MP: 3/10
   784 | D:2      | Learned a level 2 spell: Static Discharge
   788 | D:2      | Learned a level 3 spell: Swiftness
  1190 | D:2      | Reached skill level 4 in Air Magic
  1654 | D:3      | Reached XP level 4. HP: 24/24 MP: 6/11
  1990 | D:3      | Learned a level 4 spell: Airstrike
  2496 | D:4      | Noticed Ijyb
  2503 | D:4      | Killed Ijyb
  2733 | D:4      | Reached XP level 5. HP: 28/28 MP: 7/13
  2792 | D:4      | Reached skill level 5 in Air Magic
  3207 | D:4      | Reached XP level 6. HP: 21/32 MP: 9/14
  3210 | D:4      | Reached skill level 6 in Air Magic
  3695 | D:4      | Found a shimmering altar of Xom.
  3696 | D:4      | Found a sacrificial altar of Ru.
  4418 | D:5      | Entered Level 5 of the Dungeon
  4621 | D:5      | Reached skill level 7 in Air Magic
  4621 | D:5      | Reached XP level 7. HP: 36/36 MP: 9/15
  5544 | D:6      | Reached skill level 8 in Air Magic
  5600 | D:6      | Noticed Pikel
  5665 | D:6      | Noticed a troll
  5668 | D:6      | Noticed paps's ghost (novice TrBe)
  5741 | D:6      | Reached XP level 8. HP: 34/41 MP: 1/16
  5745 | D:6      | Learned a level 3 spell: Tukima's Dance
  6059 | D:6      | Reached skill level 9 in Air Magic
  6169 | D:6      | Killed Pikel
  6170 | D:6      | Reached skill level 10 in Air Magic
  6358 | D:6      | Found a runed translucent door.
  6359 | D:6      | Noticed Crazy Yiuf
  6379 | D:6      | Killed Crazy Yiuf
  6448 | D:6      | Found an ancient bone altar of Kikubaaqudgha.
  6557 | D:6      | Found a transporter.
  6568 | D:6      | Found a transporter.
  6604 | D:6      | Reached skill level 1 in Hexes
  6870 | D:6      | Noticed Edmund
  6873 | D:6      | Killed Edmund
  6956 | D:6      | Found a snail-covered altar of Cheibriados.
  7019 | D:7      | Reached skill level 11 in Air Magic
  7025 | D:7      | Reached XP level 9. HP: 45/45 MP: 1/17
  7341 | D:7      | Reached skill level 5 in Hexes
  7430 | D:7      | Reached skill level 12 in Air Magic
  7560 | D:7      | Found a hide-covered altar of Uskayaw.
  7788 | D:7      | Noticed an eight-headed hydra
  8182 | D:7      | Found a staircase to the Ecumenical Temple.
  8190 | Temple   | Entered the Ecumenical Temple
  8444 | Temple   | Became a worshipper of Vehumet
  8685 | D:7      | Reached skill level 1 in Fighting
  8717 | D:7      | HP: 1/47 [eight-headed hydra (12)]
  8717 | D:7      | Slain by an eight-headed hydra

Illustrated notes

Levels and vault maps discovered:
D:1:      dpeg_arrival_simpleton_c, layout_loops_ring,
          hellmonk_ecumenical_altar_lost_god
D:2:      layout_rooms, minmay_split_cup_large
D:3:      layout_basic
D:4:      layout_basic, gammafunk_temple_overflow_statue,
          minmay_misc_feat_alley, hex_large, sigmund_army, uniq_ijyb
D:5:      layout_loops_ring, chequers_big_river, kennysheep_potato
D:6:      layout_cave_pools, mainiacjoe_overflow_alcove_4, lemuel_round_altar,
          gammafunk_ghost_arena, serial_rivers, chequers_serial_rivers_marsh,
          chequers_serial_rivers_small_b, chequers_serial_rivers_micro_e,
          chequers_serial_rivers_small_b, uniq_pikel, uniq_edmund,
          uniq_crazy_yiuf_cottage
D:7:      cheibrodos_helix_gallery, layout_gridville, amcnicky_altar_gilded,
          minmay_temple_entry_hall
Temple:   dpeg_chambers_temple

Skill      XL: |  1  2  3  4  5  6  7  8  9 |
---------------+----------------------------+-----
Conjurations   | 2 3 4 |  4.0
Air Magic      | 4 5 7 8 11 12 | 12.3
Spellcasting   | 4 |  4.5
Hexes          | 3 5 |  5.0
Fighting       | 1 |  1.0
Dodging        | |  2.4
Stealth        | |  2.4

Action                   |  1- 3 |  4- 6 |  7- 9 || total
-------------------------+-------+-------+-------++-------
Melee: Short sword       |     6 |     2 |    34 ||    42
       Punch             |       |       |     3 ||     3
 Cast: Shock             |    62 |   123 |    80 ||   265
       Static Discharge  |     1 |     8 |    11 ||    20
       Swiftness         |       |     2 |     5 ||     7
       Airstrike         |       |       |    40 ||    40
  Use: Scroll            |       |    11 |     3 ||    14
       Potion            |       |       |     2 ||     2
Armor: Robe              |     2 |       |       ||     2
       Leather armour    |       |     6 |    24 ||    30
Dodge: Dodged            |     5 |    15 |    40 ||    60

Table legend: (Time is in decaauts)
 A = Elapsed time spent in this place.
 B = Non-inter-level travel time spent in this place.
 C = Inter-level travel time spent in this place.
 D = Time resting spent in this place.
 E = Time spent auto-exploring this place.
 F = Levels seen in this place.
 G = Mean time per level.
                   A        B        C        D        E       F      G
               +--------+--------+--------+--------+--------+-----+--------+
         Total |   8727 |   8324 |    403 |   1677 |   5413 |   8 | 1090.9 |
       Dungeon |   8451 |   8077 |    374 |   1677 |   5181 |   7 | 1207.3 |
        Temple |    275 |    246 |     29 |      0 |    232 |   1 |  275.0 |
               +--------+--------+--------+--------+--------+-----+--------+

Top non-repeatable levels by time:
     D:4: 1915 daAuts
     D:6: 1513 daAuts
     D:5: 1363 daAuts
     D:7: 1167 daAuts
     D:2: 920 daAuts
     D:3: 831 daAuts
     D:1: 740 daAuts
  Temple: 275 daAuts
